 Dungeon Crawl Stone Soup version 0.30-a0-782-ge64f9170bb (webtiles) character file.

Game seed: 3147027871743445307

97097 112233 the Thaumaturge (level 15, -6/122 HPs)
             Began as a Demonspawn Necromancer on Feb 28, 2023.
             Was an Initiate of Gozag.
             Mangled by a red ugly thing (13 damage)
             ... on level 15 of the Dungeon.
             The game lasted 00:52:47 (30887 turns).

112233 the Thaumaturge (Demonspawn Necromancer)    Turns: 30887, Time: 00:52:48

Health: -6/122     AC: 11    Str: 13    XL:     15   Next: 71%
Magic:  12/33      EV: 25    Int: 21    God:    Gozag
Gold:   6550       SH: 14    Dex: 19    Spells: 19/42 levels left

rFire   . . .      SeeInvis .      - Unarmed
rCold   . . .      Faith    .    M - +0 buckler
rNeg    . . .      Spirit   .    a - +0 robe
rPois   .          Reflect  .    o - +1 helmet of Kykhla {Str+5}
rElec   .          Harm     .    R - +1 cloak
rCorr   .          Rampage  .    (gloves unavailable)
Will    +....                    x - +0 pair of boots
Stlth   ++                       t - amulet of regeneration
HPRegen 1.20/turn                r - +4 ring of protection
MPRegen 0.46/turn                l - +5 ring of evasion

@: gold aura, studying Stealth
A: claws 3, large bone plates 3, icemail 1, magic regeneration, condensation
shield, agile 1, mutation resistance 1
a: Renounce Religion, Potion Petition, Call Merchant, Bribe Branch


You were on level 15 of the Dungeon.
You worshipped Gozag.
Gozag was greatly pleased with you.
You visited 4 branches of the dungeon, and saw 23 of its levels.
You also visited: Gauntlet.

You collected 7705 gold pieces.
You paid 1155 gold pieces to Gozag.

Inventory:

Hand Weapons
 B - the +6 battleaxe of Indignation {pain, Contam rElec Will+ Dex+6}
   (You found it on level 5 of the Lair of Beasts)

   Dex:       It affects your dexterity (+6).
   rElec:     It insulates you from electricity.
   Contam:    It causes magical contamination when unequipped.
   Will:      It increases your willpower.
 F - the +8 shortbow "Vixuc" {drain, rF+}
   (You found it on level 10 of the Dungeon)

   rF:        It protects you from fire.
 I - a -2 demon whip of venom
Armour
 a - a +0 robe (worn)
 o - the +1 helmet of Kykhla (worn) {Str+5}
   (You found it on level 2 of the Dungeon)

   Str:       It affects your strength (+5).
 v - the +7 chain mail of Ethics {rElec Str+7 Int+4 Slay+3}
   (You found it on level 4 of the Lair of Beasts)

   Str:       It affects your strength (+7).
   Int:       It affects your intelligence (+4).
   Slay:      It affects your accuracy & damage with ranged weapons and melee
   (+3).
   rElec:     It insulates you from electricity.
 x - a +0 pair of boots (worn)
 M - a +0 buckler (worn)
 R - a +1 cloak (worn)
Jewellery
 l - a +5 ring of evasion (right claw)
 r - a +4 ring of protection (left claw)
 t - an amulet of regeneration (around neck)
 y - a ring of poison resistance
 E - a +4 ring of protection
Wands
 b - a wand of iceblast (14)
 n - a wand of charming (11)
 A - a wand of flame (2) (quivered)
 N - a wand of mindburst (4)
Scrolls
 f - 2 scrolls of teleportation
 g - 4 scrolls of amnesia
 h - 3 scrolls of vulnerability
 i - 7 scrolls of poison
 j - a scroll of acquirement
 k - 5 scrolls of enchant weapon
 p - a scroll of torment
 s - a scroll of fear
 z - 3 scrolls of blinking
 D - 2 scrolls of immolation
 J - 3 scrolls of identify
 L - a scroll of magic mapping
 O - 2 scrolls of fog
 Q - a scroll of enchant armour {unknown}
Potions
 c - 10 potions of curing
 d - 5 potions of attraction
 e - 2 potions of resistance {unknown}
 m - 8 potions of lignification
 q - 2 potions of haste {unknown}
 u - 2 potions of berserk rage
 w - 8 potions of might {unknown}
 C - 4 potions of mutation
 H - 3 potions of brilliance {unknown}
 K - a potion of invisibility {unknown}
 P - a potion of magic
Miscellaneous
 G - a box of beasts


   Skills:
 + Level 12.8 Fighting
 + Level 12.1 Dodging
 - Level 2.1 Stealth
 - Level 5.0 Shields
 + Level 11.4 Unarmed Combat
 + Level 14.3 Spellcasting
 - Level 10.3 Necromancy
 + Level 3.5 Transmutations


You had 19 spell levels left.
You knew the following spells:

 Your Spells              Type           Power      Damage    Failure   Level
a - Necrotise             Necr           100%       1d9       1%          1
b - Vampiric Draining     Necr           55%        2d9       1%          3
c - Anguish               Hex/Necr       18%        N/A       6%          4
d - Wereblood             Tmut           29%        N/A       1%          2
e - Sublimation of Blood  Necr           55%        N/A       1%          2
f - Agony                 Necr           55%        N/A       1%          5
g - Apportation           Tloc           30%        N/A       5%          1
h - Passwall              Tmut/Erth      18%        N/A       3%          2
i - Swiftness             Air            15%        N/A       16%         3

Your spell library contained the following spells:

 Spells                   Type           Power      Damage    Failure   Level
 Summon Small Mammal      Summ           60%        N/A       5%          1
 Spider Form              Tmut/Pois      22%        N/A       8%          3
 Ensorcelled Hibernation  Hex/Ice        30%        N/A       9%          2
 Dazzling Flash           Conj/Hex       30%        N/A       16%         3
 Inner Flame              Hex/Fire       15%        N/A       16%         3
 Ozocubu's Armour         Ice            15%        N/A       16%         3
 Vhi's Electric Charge    Tloc/Air       30%        N/A       16%         3
 Blade Hands              Tmut           14%        N/A       34%         5
 Animate Armour           Summ/Erth      30%        N/A       47%         4
 Iskenderun's Mystic Bla  Conj/Tloc      15%        2d5       47%         4
 Passage of Golubria      Tloc           15%        N/A       47%         4
 Summon Ice Beast         Ice/Summ       15%        N/A       47%         4
 Alistair's Intoxication  Tmut/Pois      14%        N/A       56%         5
 Arcjolt                  Conj/Air       7%         1d17      83%         5
 Fireball                 Conj/Fire      7%         3d5       83%         5
 Silence                  Hex/Air        7%         N/A       83%         5
 Iron Shot                Conj/Erth      7%         9d2       100%        6
 Starburst                Conj/Fire      7%         6d4       100%        6
 Summon Hydra             Summ           7%         N/A       100%        7
 Lehudib's Crystal Spear  Conj/Erth      7%         10d3      100%        8
 Maxwell's Capacitive Co  Air            7%         ∞         100%        8
 Animate Dead             Necr           Unusable   N/A       N/A         4

Dungeon Overview and Level Annotations

Branches:
Dungeon (15/15)            Temple (1/1) D:6            Lair (5/5) D:9
 Shoals (0/4) Lair:3        Snake (0/4) Lair:2        Slime (0/5) Lair:4
    Orc (2/2) D:11            Elf (0/3) Orc:2        Vaults (0/5) D:13
Gauntlet (visited)
 Depths: D:15

Altars:
Ashenzari
Cheibriados
Dithmenos
Fedhas
Gozag
Hepliaklqana
Kikubaaqudgha
Makhleb
Nemelex Xobeh
Okawaru
Qazlal
Ru
Sif Muna
Trog
Uskayaw
Vehumet
Wu Jian
Xom
Yredelemnul

Shops:
Orc:1 =

Annotations:
D:9 1 runed translucent door
D:12 exclusion: downstairs
Lair:4 1 runed translucent door
Orc:1 exclusion: downstairs
Orc:2 Rupert


Innate Abilities, Weirdness & Mutations

You have claws for hands.
You are completely covered in large bone plates. (SH +8)
A meltable icy envelope protects you from harm. (AC +0)
You regenerate magic rapidly.
A meltable shield of frost defends you. (SH +0)
You are agile. (Dex +4, Str/Int -1)
You are somewhat resistant to further mutation.


Message History

You scratch the red ugly thing.
The red ugly thing is heavily wounded.
You block the red ugly thing's attack. The red ugly thing closely misses you.
The tengu warrior hits you with a +1 battleaxe!
The tengu warrior is wracked by anguish!
The tengu warrior pecks you but does no damage.
The tengu warrior misses you.
Unknown command.
Casting: Anguish (dangerous; 6% risk of failure)
Confirm with . or Enter, or press ? or * to list all spells.
Aiming: Vampiric Draining (safe; 1% risk of failure)
Press: ? - help, Shift-Dir - straight line, f - red ugly thing
Aim: a red ugly thing (heavily wounded, anguished)
You draw life force from the red ugly thing!
You feel life coursing into your body.
The great orb of eyes closely misses you.
The red ugly thing stings you.
You are engulfed in flames!!
The red ugly thing is wracked by anguish!!
You block the red ugly thing's attack.
The tengu warrior hits you with a +1 battleaxe.
The tengu warrior is wracked by anguish.
The tengu warrior barely misses you.
The tengu warrior claws you but does no damage.
The red ugly thing trunk-slaps you but does no damage.
Unknown command.
Casting: Vampiric Draining (safe; 1% risk of failure)
Confirm with . or Enter, or press ? or * to list all spells.
Aiming: Vampiric Draining (safe; 1% risk of failure)
Press: ? - help, Shift-Dir - straight line, f/p - red ugly thing
Aim: a red ugly thing (severely wounded, anguished)
You draw life force from the red ugly thing!
You feel life coursing into your body. The great orb of eyes gazes at you.
Your mind is blasted!
* * * LOW HITPOINT WARNING * * *
The red ugly thing stings you!
* * * LOW HITPOINT WARNING * * *
You are engulfed in flames!
You die...
Your body crumbles into a pile of gold.

#....... #..###.. . #.)#
#.. .. #))# #.. ...####
#).# #..
.....##+#######..###..
#. .....................
#...##GuQ.....##........
......u@......##........
......u.................
########################


You could see a great orb of eyes, 3 ugly things and a tengu warrior
(anguished).

Vanquished Creatures
  An orc warlord (Orc:1)
  Nessos (D:13)
  An ettin (Orc:2)
  Erolcha (Orc:2)
  6 hydras
  A rakshasa (D:13)
  An ogre mage (D:15)
  3 catoblepae
  5 centaur warriors
  8 two-headed ogres
  3 boulder beetles
  4 death yaks
  Urug (D:13)
  Nergalle (D:9)
  Amaemon (D:10)
  3 skysharks
  2 deep elf pyromancers (D:13)
  2 orc knights (Orc:1)
  A lindwurm (Lair:2)
  14 ugly things
  2 orc sorcerers (Orc:2)
  11 elephants
  6 cyclopes
  A salamander (Lair:2)
  3 manticores
  8 black mambas
  An orange demon (D:10)
  Joseph (D:10)
  A torpor snail (Lair:2)
  2 gargoyles (D:13)
  11 cane toads
  5 rime drakes
  9 komodo dragons
  A kobold demonologist (D:9)
  A freezing wraith (D:14)
  2 meliai
  12 trolls
  8 hornets
  Grinder (D:6)
  6 polar bears
  A blink frog (shapeshifter) (D:14)
  15 blink frogs
  A wind drake (shapeshifter) (D:13)
  A snapping turtle (Lair:3)
  7 dream sheep (Lair:5)
  3 slime creatures
  A centaur simulacrum (D:14)
  2 shadows (D:11)
  12 spriggans
  Sigmund (D:3)
  A vampire (D:10)
  14 wyverns
  Eustachio (D:6)
  59 yaks
  Grum (D:8)
  A steam dragon (D:9)
  16 humans (D:13)
  9 vampire mosquitoes
  4 basilisks
  5 wargs (Orc:1)
  An acid dragon (D:10)
  Duvessa (D:6)
  19 water moccasins
  20 orc warriors
  A sky beast (D:5)
  A hornet zombie (D:7)
  2 ice beasts (D:6)
  5 black bears
  7 ogres
  A black bear (shapeshifter) (D:13)
  13 centaurs
  31 wolves
  3 boggarts (Lair:5)
  3 phantoms
  3 kobold brigands
  7 bullfrogs
  2 gnoll sergeants
  3 wights (D:9)
  6 electric eels
  2 howler monkeys (D:6)
  A vampire bat (D:12)
  3 bullfrog zombies (D:7)
  2 lava snakes (Lair:2)
  4 hounds
  A jelly (D:6)
  10 orc priests
  A gnoll bouda (D:4)
  20 orc wizards
  5 iguanas
  2 killer bee zombies (D:7)
  A howler monkey zombie (D:7)
  Robin (D:4)
  11 adders
  21 gnolls
  2 white imps
  2 ufetubi (D:5)
  2 adder zombies (D:2)
  A worm (D:2)
  A dart slug (D:1)
  65 orcs
  8 endoplasms
  8 giant cockroaches
  12 goblins
  8 hobgoblins
  5 jackals
  22 kobolds
  6 quokkas
  9 ball pythons
  16 bats
  2 frilled lizards
  A quokka skeleton (D:2)
  2 rats
693 creatures vanquished.

Vanquished Creatures (collateral kills)
  3 ugly things (D:14)
  A cane toad (Lair:2)
  A water moccasin (Lair:2)
  Dowan (D:6)
  A mummy (D:5)
  A gnoll (D:4)
  An adder (D:2)
  An orc (D:4)
  An endoplasm (D:4)
  A goblin (D:4)
  A hobgoblin (D:4)
  A jackal (D:2)
14 creatures vanquished.

Vanquished Creatures (others)
  A two-headed ogre (D:15)
  A skyshark (Lair:5)
  A wizard (D:4)
  An elephant (Lair:4)
  A cane toad (Lair:2)
  4 meliai
  A vampire mosquito (D:14)
  An orc warrior (Orc:2)
  2 orc wizards (Orc:1)
  2 elf zombies (D:6)
  An orc (Orc:2)
  2 kobolds (D:9)
  2 orc zombies (D:6)
  20 fungi
  128 plants
  A withered plant (D:2)
169 creatures vanquished.

Grand Total: 876 creatures vanquished

Notes
Turn   | Place    | Note
-------+----------+-------------------------------------------
     0 | D:1      | 112233 the Demonspawn Necromancer began the quest for the
                  | Orb.
     0 | D:1      | Reached XP level 1. HP: 13/13 MP: 3/3
   295 | D:1      | Gained mutation: You have sharp fingernails. [demonic
                  | ancestry]
   295 | D:1      | Reached XP level 2. HP: 19/19 MP: 0/5
   816 | D:1      | Reached XP level 3. HP: 21/24 MP: 0/6
   956 | D:1      | Learned a level 3 spell: Vampiric Draining
  1215 | D:2      | Reached skill level 1 in Fighting
  1307 | D:2      | Found a hazy altar of Hepliaklqana.
  1311 | D:2      | Identified the +1 helmet of Kykhla {Str+5}
  1443 | D:2      | Gained mutation: A meltable shield of frost defends you.
                  | (SH +0) [demonic ancestry]
  1443 | D:2      | Reached XP level 4. HP: 30/32 MP: 2/8
  1457 | D:2      | Reached skill level 3 in Spellcasting
  1718 | D:2      | You fall into a shaft and drop 2 floors!
  1861 | D:4      | Noticed Robin
  1877 | D:4      | Killed Robin
  1878 | D:4      | Gained mutation: You regenerate magic rapidly. [demonic
                  | ancestry]
  1878 | D:4      | Reached XP level 5. HP: 31/38 MP: 5/10
  2071 | D:3      | Learned a level 4 spell: Animate Dead
  2524 | D:3      | Noticed Sigmund
  2541 | D:3      | Killed Sigmund
  2542 | D:3      | Reached skill level 4 in Spellcasting
  2542 | D:3      | Reached XP level 6. HP: 43/46 MP: 2/12
  3041 | D:5      | Entered Level 5 of the Dungeon
  3499 | D:4      | Reached skill level 5 in Spellcasting
  3499 | D:4      | Reached XP level 7. HP: 52/52 MP: 8/14
  3613 | D:4      | Found a stormy altar of Qazlal.
  3925 | D:4      | Found a bloodstained altar of Trog.
  3955 | D:4      | Noticed a wizard
  3959 | D:4      | Killed a wizard
  4390 | D:5      | Found a snail-covered altar of Cheibriados.
  4492 | D:5      | Reached skill level 1 in Unarmed Combat
  4495 | D:5      | Learned a level 2 spell: Sublimation of Blood
  5122 | D:6      | Noticed Eustachio
  5125 | D:6      | Noticed a wyvern
  5133 | D:6      | Killed a wyvern
  5134 | D:6      | Reached skill level 6 in Spellcasting
  5134 | D:6      | Gained mutation: You have very sharp fingernails. [demonic
                  | ancestry]
  5134 | D:6      | Reached XP level 8. HP: 58/60 MP: 4/17
  5388 | D:6      | Noticed Duvessa
  5394 | D:6      | Noticed Dowan
  5417 | D:6      | Killed Duvessa
  5420 | D:6      | Killed Dowan
  5429 | D:6      | Your ally Duvessa died
  5431 | D:6      | Your ally Dowan died
  5453 | D:6      | Reached skill level 5 in Dodging
  5497 | D:6      | Killed Eustachio
  5498 | D:6      | Reached skill level 7 in Spellcasting
  5576 | D:6      | Found a blossoming altar of Fedhas.
  5618 | D:6      | Reached skill level 5 in Fighting
  5690 | D:6      | Noticed Grinder
  5692 | D:6      | Gained mutation: You are vulnerable to cold. (rC-) [potion
                  | of mutation]
  5692 | D:6      | Gained mutation: You are strong-willed. (Will+) [potion of
                  | mutation]
  5701 | D:6      | Killed Grinder
  5702 | D:6      | Gained mutation: You are partially covered in large bone
                  | plates. (SH +4) [demonic ancestry]
  5702 | D:6      | Reached XP level 9. HP: 66/68 MP: 18/20
  5702 | D:6      | Lost mutation: You are vulnerable to cold. (rC-) [potion of
                  | mutation]
  5702 | D:6      | Lost mutation: You are strong-willed. (Will+) [potion of
                  | mutation]
  5702 | D:6      | Gained mutation: You are somewhat resistant to further
                  | mutation. [potion of mutation]
  5702 | D:6      | Gained mutation: You are agile. (Dex +4, Str/Int -1)
                  | [potion of mutation]
  5970 | D:6      | Got the Discursus on Frigid Hyperthermia
  5988 | D:6      | Found a staircase to the Ecumenical Temple.
  6554 | Temple   | Entered the Ecumenical Temple
  6596 | Temple   | Became a worshipper of Gozag Ym Sagoz the Greedy
  6759 | D:7      | Learned a level 4 spell: Anguish
  6974 | D:7      | Found a hide-covered altar of Uskayaw.
  7064 | D:7      | Noticed a troll
  7310 | D:8      | Found a shadowy altar of Dithmenos.
  7324 | D:8      | Learned a level 2 spell: Wereblood
  7332 | D:8      | Noticed Grum
  7360 | D:8      | Killed Grum
  7361 | D:8      | Reached skill level 8 in Spellcasting
  7910 | D:8      | Found a shimmering blue altar of Sif Muna.
  8557 | D:9      | Gained mutation: A meltable icy envelope protects you from
                  | harm. (AC +0) [demonic ancestry]
  8557 | D:9      | Reached XP level 10. HP: 77/77 MP: 7/22
  8638 | D:9      | Reached skill level 9 in Spellcasting
  8736 | D:9      | Reached skill level 5 in Unarmed Combat
  9040 | D:9      | Found a staircase to the Lair.
  9139 | D:9      | Found a hazy altar of Hepliaklqana.
  9217 | Lair:1   | Entered Level 1 of the Lair of Beasts
  9288 | Lair:1   | Noticed a black mamba
  9308 | Lair:1   | Killed a black mamba
  9450 | Lair:1   | Reached skill level 10 in Spellcasting
  9636 | Lair:1   | Noticed a catoblepas
  9803 | Lair:2   | Found a gate leading to a gauntlet.
  9817 | Gauntlet | Entered a Gauntlet
  9817 | Gauntlet | Found a transporter.
  9817 | Gauntlet | Found a large runed translucent door.
  9817 | Gauntlet | Found a large runed translucent door.
  9817 | Gauntlet | Found a large runed translucent door.
  9817 | Gauntlet | Found a large runed translucent door.
  9817 | Gauntlet | Found a runed translucent door.
  9817 | Gauntlet | Found a runed translucent door.
  9817 | Gauntlet | Found a large runed translucent door.
  9817 | Gauntlet | Found a large runed translucent door.
  9817 | Gauntlet | Found a large runed translucent door.
  9817 | Gauntlet | Found a large runed translucent door.
  9817 | Gauntlet | Found a large runed translucent door.
  9817 | Gauntlet | Found a large runed translucent door.
  9818 | Gauntlet | Found a large runed translucent door.
  9818 | Gauntlet | Found a large runed translucent door.
  9821 | Gauntlet | Noticed a moth of wrath
  9827 | Gauntlet | Found a transporter.
  9842 | Gauntlet | Found a transporter.
  9846 | Gauntlet | Noticed an entropy weaver
  9847 | Gauntlet | Found a transporter.
  9849 | Gauntlet | Noticed a hell hog
  9868 | Gauntlet | Found a transporter.
  9878 | Gauntlet | Noticed a wolf spider
  9881 | Gauntlet | Found a transporter.
  9891 | Gauntlet | Noticed a ghost crab
  9893 | Gauntlet | Found a transporter.
  9903 | Gauntlet | Noticed a hell beast
  9905 | Gauntlet | Found a transporter.
  9913 | Gauntlet | Noticed a wretched star
  9917 | Gauntlet | Found a transporter.
  9925 | Gauntlet | Noticed a white ugly thing
  9927 | Gauntlet | Noticed a great orb of eyes
  9928 | Gauntlet | Noticed a red ugly thing
  9929 | Gauntlet | Found a transporter.
  9946 | Gauntlet | Found a transporter.
  9964 | Gauntlet | Found a transporter.
  9966 | Gauntlet | Found a transporter.
  9972 | Gauntlet | Noticed a soul eater
  9984 | Gauntlet | Found a large runed translucent door.
  9985 | Gauntlet | Found a large runed translucent door.
  9989 | Gauntlet | Found a runed translucent gate.
  9989 | Gauntlet | Found a runed translucent gate.
  9989 | Gauntlet | Found a runed translucent gate.
  9990 | Gauntlet | Noticed a soul eater
  9991 | Gauntlet | Found a transporter.
  9993 | Gauntlet | Found a transporter.
  9999 | Gauntlet | Found a large runed translucent door.
 10000 | Gauntlet | Found a large runed translucent door.
 10013 | Gauntlet | Found a transporter.
 10091 | Gauntlet | Found a transporter.
 10270 | Lair:2   | Identified the +9 plate armour "Asinnoig" {rPois rF+ rN+
                  | Dex+3}
 10369 | Lair:2   | Reached XP level 11. HP: 81/84 MP: 20/25
 10449 | Lair:2   | Noticed a seven-headed hydra
 10520 | Lair:2   | Found a staircase to the Snake Pit.
 10628 | Lair:1   | Killed a catoblepas
 11637 | D:9      | Found a runed translucent door.
 12027 | D:10     | Entered Level 10 of the Dungeon
 12075 | D:10     | Identified the +8 shortbow "Vixuc" {drain, rF+}
 12103 | D:10     | Reached skill level 11 in Spellcasting
 12167 | D:10     | Found a burning altar of Makhleb.
 12178 | D:10     | Noticed Nergalle
 12292 | D:9      | Reached skill level 5 in Necromancy
 12301 | D:9      | Learned a level 5 spell: Agony
 12522 | D:10     | Noticed Amaemon
 12531 | D:9      | Killed Nergalle
 13104 | D:11     | Found a staircase to the Orcish Mines.
 13723 | Orc:1    | Entered Level 1 of the Orcish Mines
 13831 | Orc:1    | Noticed an orc knight
 13854 | Orc:1    | Killed an orc knight
 14289 | Orc:2    | Entered Level 2 of the Orcish Mines
 14361 | Orc:2    | Gained mutation: You are mostly covered in large bone
                  | plates. (SH +6) [demonic ancestry]
 14361 | Orc:2    | Reached XP level 12. HP: 94/94 MP: 11/27
 14387 | Orc:2    | Noticed Rupert
 14597 | D:10     | Killed Amaemon
 14908 | D:10     | Found a broken altar of Ashenzari.
 14912 | D:10     | Saw a vision of the Shoals and the Snake Pit.
 14912 | D:10     | Noticed a naga warrior
 15030 | D:10     | Found a sacrificial altar of Ru.
 15066 | D:10     | Noticed Joseph
 15078 | D:10     | Killed Joseph
 15328 | D:10     | Found a radiant altar of Vehumet.
 15648 | D:7      | Found a basalt altar of Yredelemnul.
 16650 | Lair:2   | Reached skill level 1 in Shields
 16864 | Lair:3   | Reached skill level 12 in Spellcasting
 17543 | Lair:2   | Noticed a six-headed hydra
 17544 | Lair:2   | Noticed a six-headed hydra
 17545 | Lair:2   | Noticed a death yak
 17784 | Lair:3   | Found a staircase to the Shoals.
 18041 | Lair:3   | Gained mutation: You have claws for hands. [demonic
                  | ancestry]
 18041 | Lair:3   | Reached XP level 13. HP: 99/102 MP: 3/29
 18446 | Lair:3   | Learned a level 1 spell: Apportation
 18449 | Lair:3   | Learned a level 2 spell: Passwall
 18453 | Lair:3   | Learned a level 3 spell: Swiftness
 19078 | Lair:2   | Reached skill level 10 in Fighting
 19350 | Lair:2   | Reached skill level 5 in Shields
 20000 | Lair:2   | Identified the +0 plate armour of Circular Logic {Fly rC+}
 20789 | Lair:4   | Reached skill level 10 in Dodging
 21103 | Lair:4   | Found a runed translucent door.
 21177 | Lair:4   | Identified the +7 chain mail of Ethics {rElec Str+7 Int+4
                  | Slay+3}
 21901 | D:12     | Identified the +1 ring mail "Ustruanar" {Fly rElec rC-
                  | rCorr}
 22488 | D:13     | Noticed Urug
 22488 | D:13     | Noticed Nessos
 22488 | D:13     | Found a gate to the Vaults.
 22709 | D:13     | Reached XP level 14. HP: 49/111 MP: 30/30
 23147 | D:13     | Reached skill level 13 in Spellcasting
 23252 | D:13     | Killed Urug
 23476 | D:13     | Killed Nessos
 23630 | D:13     | Identified the +3 arbalest of Untimely Demise {freeze,
                  | rCorr}
 23951 | D:13     | Reached skill level 10 in Necromancy
 25053 | Lair:4   | Reached skill level 10 in Unarmed Combat
 25427 | Lair:4   | Noticed an azure jelly
 25427 | Lair:4   | Noticed an azure jelly
 25428 | Lair:4   | Noticed an azure jelly
 25502 | Lair:4   | Found a staircase to the Slime Pits.
 25540 | Lair:5   | Entered Level 5 of the Lair of Beasts
 27218 | Lair:5   | Gained mutation: You are completely covered in large bone
                  | plates. (SH +8) [demonic ancestry]
 27218 | Lair:5   | Reached XP level 15. HP: 120/120 MP: 25/32
 27304 | Lair:5   | Identified the +6 battleaxe of Indignation {pain, Contam
                  | rElec Will+ Dex+6}
 27582 | Lair:5   | Paralysed by a hornet for 1 turns
 28176 | Orc:1    | Identified a scroll of acquirement
 28191 | Orc:2    | Noticed Erolcha
 28257 | Orc:1    | Found Rastam's Jewellery Shop.
 28389 | Orc:1    | Reached skill level 1 in Transmutations
 28562 | Orc:2    | Killed Erolcha
 28667 | Orc:2    | Found a staircase to the Elven Halls.
 28966 | Orc:2    | Reached skill level 14 in Spellcasting
 30223 | D:15     | Entered Level 15 of the Dungeon
 30887 | D:15     | Mangled by a red ugly thing

Illustrated notes

Levels and vault maps discovered:
D:1:      lightli_arrival_noodles, layout_basic, minmay_misc_feat_tower,
          minmay_unequal
D:2:      layout_rooms, basic_altar, serial_undead, serial_undead_c,
          serial_undead_b, serial_undead_c, serial_undead_c, hex_intersection
D:3:      layout_basic, minmay_bisected, uniq_sigmund
D:4:      layout_basic, grunt_qazlal_sundering, trog_wizard,
          minmay_stone_trees_small, uniq_robin
D:5:      layout_loops_ring, mainiacjoe_overflow_surrounded_room, slow_altar_1
D:6:      layout_layer_cave, fedhas_bush_and_centaur_altar, temple_green,
          serial_rivers, chequers_serial_rivers_micro_d,
          chequers_serial_rivers_large_b, chequers_serial_rivers_small_a,
          chequers_serial_rivers_micro_c, chequers_serial_rivers_small_a,
          chequers_serial_rivers_large_a, uniq_grinder, uniq_eustachio,
          uniq_duvessa
D:7:      layout_loops_ring, nicolae_yredelemnul_corpse_copse,
          nicolae_uskayaw_suspiria, enter_bailey_7, minmay_three_doors
D:8:      layout_loops_corners, kennysheep_mini, lemuel_doored_altar,
          old_standard_altar, nicolae_ossuary_entry_false_entrances,
          minivault_23, uniq_grum
D:9:      layout_irregular_city, worldfamousw_hep_ancestral_shrine,
          minmay_lair_entry_grove, lightli_church_of_beogh
D:10:     layout_rooms, old_standard_altar, grunt_ashenzari_visionary
          [grunt_ashenzari_visionary_shoals, grunt_ashenzari_visionary_snake],
          nicolae_ru_great_annihilating_truth, mainiacjoe_overflow_tiny_flanked,
          uniq_nergalle, uniq_joseph, uniq_amaemon
D:11:     layout_long_grid, minmay_orc_entry_temple_small
D:12:     layout_long_grid, roderic_batcave
D:13:     wad_woods_structure_01, layout_basic, david_vaults_3
D:14:     layout_gridville, nicolae_figureground_sparkle
D:15:     hangedman_depths_entry_civil_slaughter, layout_stronghold,
          grunt_decor_resistance, ebering_ghost_inner_flame
Temple:   nicolae_temple_little_seven
Lair:1:   layout_regular_city, lemuel_fruit_fields
Lair:2:   nzn_winding_woodlands_huge [nzn_winding_woodlands_5x15_concentric,
          nzn_winding_woodlands_5x15_lazy_stream,
          nzn_winding_woodlands_5x15_pool,
          nzn_winding_woodlands_5x15_river_crossing,
          nzn_winding_woodlands_5x15_sidewinder,
          nzn_winding_woodlands_5x15_split_checker,
          nzn_winding_woodlands_5x15_longhouse,
          nzn_winding_woodlands_5x15_parted, nzn_winding_woodlands_5x15_twine,
          nzn_winding_woodlands_5x15_pockets,
          nzn_winding_woodlands_center_pierced_h,
          nzn_winding_woodlands_center_triple_pond,
          nzn_winding_woodlands_15x15_boxy_spiral], layout_chaotic_city,
          nicolae_snake_entry_warm_welcome, gauntlet_entry_generic
Lair:3:   layout_chaotic_city, minmay_shoals_entry_hut,
          grunt_forest_stairs_clearing
Lair:4:   layout_loops_ring, slime_entry_2, serial_bayou, serial_bayou_lake_a,
          serial_bayou_lagoon_a, serial_bayou_lagoon_b, serial_bayou_pond_d,
          fungi_pond_lemuel
Lair:5:   minmay_lair_end_enchanted_forest, layout_regular_city,
          serial_bayou_shore_b, lemuel_fruit_tree, infiniplex_staircase_pool_2,
          serial_bayou_shore_b
Orc:1:    layout_caves, serial_shops, shop
Orc:2:    st_orc_congregation, layout_caves, uniq_rupert, uniq_erolcha

Skill      XL: |  1  2  3  4  5  6  7  8  9 10 11 12 13 14 15 |
---------------+----------------------------------------------+-----
Stealth        | 2 |  2.1
Dodging        | 2 3 4 5 6 7 8 9 10 11 12 | 12.1
Fighting       | 1 2 3 4 5 6 7 8 9 10 12 | 12.8
Spellcasting   | 3 4 5 6 7 8 10 11 12 13 14 | 14.3
Unarmed Combat | 1 3 4 6 7 8 9 10 11 | 11.4
Necromancy     | 5 7 9 10 | 10.3
Shields        | 3 5 |  5.0
Transmutations | 3 |  3.5

Action                     |  1- 3 |  4- 6 |  7- 9 | 10-12 | 13-15 || total
---------------------------+-------+-------+-------+-------+-------++-------
  Melee: Unarmed           |    20 |       |   159 |   825 |  1254 ||  2258
         Short sword       |    30 |    38 |   183 |       |       ||   251
         Punch             |       |     1 |     9 |    66 |    20 ||    96
   Cast: Necrotise         |    63 |   127 |   144 |   206 |   190 ||   730
         Vampiric Draining |       |     3 |    66 |   321 |   423 ||   813
         Animate Dead      |       |       |     2 |       |       ||     2
         Wereblood         |       |       |       |     1 |    28 ||    29
         Sublimation of Bl |       |       |       |     1 |     1 ||     2
         Anguish           |       |       |       |     4 |    95 ||    99
         Agony             |       |       |       |     2 |     1 ||     3
 Invoke: Potion Petition   |       |       |       |       |     3 ||     3
  Evoke: Wand              |       |       |     7 |    10 |    86 ||   103
         Box of beasts     |       |       |       |     1 |     4 ||     5
    Use: Potion            |       |     1 |     3 |       |     5 ||     9
         Scroll            |       |       |    15 |     4 |     8 ||    27
   Stab: Sleeping          |     1 |       |     3 |     3 |     2 ||     9
         Distracted        |       |       |     1 |     5 |     5 ||    11
         Petrified         |       |       |       |     5 |       ||     5
         Paralysed         |       |       |       |     1 |       ||     1
         Invisible         |       |       |       |       |     3 ||     3
         Fleeing           |       |       |       |       |     1 ||     1
         Petrifying        |       |       |       |       |     1 ||     1
 Armour: Robe              |    18 |    22 |   132 |   283 |   345 ||   800
  Dodge: Dodged            |    62 |    54 |   446 |   994 |  1568 ||  3124
  Block: Other             |       |     6 |   140 |   493 |   223 ||   862
         Buckler           |       |       |       |       |  1382 ||  1382

Table legend: (Time is in decaauts)
 A = Elapsed time spent in this place.
 B = Non-inter-level travel time spent in this place.
 C = Inter-level travel time spent in this place.
 D = Time resting spent in this place.
 E = Time spent auto-exploring this place.
 F = Levels seen in this place.
 G = Mean time per level.
                   A        B        C        D        E       F      G
               +--------+--------+--------+--------+--------+-----+--------+
         Total |  30786 |  28637 |   2149 |   2663 |  19256 |  24 | 1282.8 |
       Dungeon |  18541 |  17302 |   1239 |   1187 |  12431 |  15 | 1236.1 |
        Temple |     50 |     29 |     21 |      0 |     28 |   1 |   50.0 |
          Lair |  10054 |   9308 |    746 |   1213 |   5761 |   5 | 2010.8 |
  Orcish Mines |   1762 |   1620 |    142 |    263 |    786 |   2 |  881.0 |
      Gauntlet |    376 |    376 |      0 |      0 |    249 |   1 |  376.0 |
               +--------+--------+--------+--------+--------+-----+--------+

Top non-repeatable levels by time:
  Lair:2: 3198 daAuts
  Lair:5: 2270 daAuts
     D:9: 2267 daAuts
    D:13: 2005 daAuts
  Lair:3: 1681 daAuts
     D:6: 1670 daAuts
  Lair:4: 1525 daAuts
  Lair:1: 1379 daAuts
    D:11: 1312 daAuts
     D:4: 1307 daAuts
     D:8: 1278 daAuts
     D:7: 1232 daAuts
   Orc:1: 1217 daAuts
    D:12: 1090 daAuts
    D:14: 1074 daAuts
